 Dungeon Crawl Stone Soup version 0.31-a0-233-g139696dc86 (webtiles) character file.

Game seed: 9961030458405174851

102 Iniera the Sneak (level 4, -1/34 HPs)
             Began as a Mummy Brigand on July 9, 2023.
             Slain by an ice beast (7 damage)
             ... on level 4 of the Dungeon.
             The game lasted 00:03:34 (2253 turns).

Iniera the Sneak (Mummy Brigand)                    Turns: 2253, Time: 00:03:34

Health: -1/34      AC: 10    Str: 16    XL:     4   Next: 50%
Magic:  4/4        EV:  7    Int: 10    God:
Gold:   216        SH:  0    Dex: 19    Spells: 3/3 levels left

rFire   x . .        f - +0 hand axe (flame)
rCold   + . .        (no shield)
rNeg    + + +        j - +0 chain mail
rPois   ∞            (no helmet)
rElec   .            c - +0 cloak
rCorr   .            e - +0 pair of gloves "Olaala" {Will+}
SInv    .            (no boots)
Will    +....        (no amulet) Stlth
                     a - +6 ring of dexterity
HPRegen 0.25/turn    (no ring)
MPRegen 0.09/turn

%: faith
@: no status effects
A: cold resistance 1, negative energy resistance 3, torment resistance 2, heat
vulnerability 1, in touch with death 1, no potions, faith
a: no special abilities


You were on level 4 of the Dungeon.
You visited 1 branch of the dungeon, and saw 4 of its levels.

You collected 216 gold pieces.

Inventory:

Hand Weapons
 b - a +0 battleaxe
 f - a +0 hand axe of flaming (weapon)
Missiles
 d - 22 poisoned darts (quivered)
 z - 3 curare-tipped darts
Armour
 c - a +0 cloak (worn)
 e - the +0 pair of gloves "Olaala" (worn) {Will+}
   (You found it on level 2 of the Dungeon)

   Will:      It increases your willpower.
 j - a +0 chain mail (worn)
Jewellery
 a - a +6 ring of dexterity (left hand)
Scrolls
 h - a scroll of silence
 i - a scroll of blinking


   Skills:
 - Level 2.6 Fighting
 - Level 1.7 Short Blades
 * Level 1.4 Axes
 - Level 1.7 Throwing
 + Level 1.6 Armour
 - Level 1.4 Dodging
 - Level 3.3 Stealth


You had 3 spell levels left.
You didn't know any spells.
Your spell library contained the following spells:

 Spells                   Type           Power      Damage    Failure   Level
 Sting                    Tmut/Pois      0%         1d3       99%         1
 Poisonous Vapours        Pois/Air       0%         N/A       100%        2
 Manifold Assault         Tloc           0%         N/A       100%        4
 Olgreb's Toxic Radiance  Pois           0%         N/A       100%        4
 Dispersal                Tloc           0%         N/A       100%        6
 Disjunction              Tloc           0%         N/A       100%        8


Dungeon Overview and Level Annotations

Branches:
Dungeon (4/15)
 Temple: D:4-7

Altars:


Innate Abilities, Weirdness & Mutations

You are immune to poison.
Your flesh is cold resistant. (rC+)
You are immune to negative energy. (rN+++)
You are immune to unholy pain and torment.
You are vulnerable to heat. (rF-)
You are in touch with the powers of death.
You do not drink.
You have a special connection with the divine. (Faith)


Message History

The ice beast is moderately wounded.
You hit the quokka. You burn the quokka. The ice beast hits you.
The ice beast freezes you. You resist.
The quokka bites you but does no damage.
The ice beast hits you but does no damage.
You barely miss the ice beast.
The ice beast is moderately wounded.
You hit the quokka. You burn the quokka.
You kill the quokka!
The ice beast hits you but does no damage.
You hit the ice beast.
You melt the ice beast.
The ice beast is moderately wounded.
The ice beast hits you but does no damage.
You hit the ice beast.
You melt the ice beast.
The ice beast is heavily wounded.
The ice beast hits you. The ice beast freezes you. You resist.
You closely miss the ice beast.
The ice beast is heavily wounded.
The ice beast hits you but does no damage.
The ice beast closely misses you.
You closely miss the ice beast.
The ice beast is heavily wounded.
The ice beast hits you but does no damage.
You barely miss the ice beast.
The ice beast is heavily wounded.
The ice beast completely misses you.
You barely miss the ice beast.
The ice beast is heavily wounded.
The ice beast hits you. The ice beast freezes you. You resist.
You closely miss the ice beast.
The ice beast is heavily wounded.
The ice beast hits you but does no damage.
You barely miss the ice beast.
The ice beast is heavily wounded.
The ice beast hits you. The ice beast freezes you. You resist.
* * * LOW HITPOINT WARNING * * *
The ice beast hits you.
* * * LOW HITPOINT WARNING * * *
The ice beast freezes you! You resist.
You die...

../...###......
.....#.........#
...............#
...............
...............
............#
......).....#
......Y@...#
....!......#
.........<##
..........#
.#######..# ..##
#..# #.## ..


You could see an ice beast.

Vanquished Creatures
  Robin (D:3)
  A gnoll (D:2)
  A worm (D:2)
  An orc (D:4)
  5 bats
  4 endoplasms
  3 giant cockroaches (D:1)
  13 goblins
  8 hobgoblins
  11 jackals
  7 kobolds
  A quokka (D:4)
  4 ball pythons (D:1)
  3 frilled lizards
  5 rats
68 creatures vanquished.

Notes
Turn   | Place    | Note
-------+----------+-------------------------------------------
     0 | D:1      | Iniera the Mummy Brigand began the quest for the Orb.
     0 | D:1      | Reached XP level 1. HP: 16/16 MP: 1/1
    70 | D:1      | Reached skill level 1 in Dodging
    81 | D:1      | Reached XP level 2. HP: 19/22 MP: 2/2
   368 | D:1      | Gained mutation: You are in touch with the powers of death.
                  | [Mummy growth]
   368 | D:1      | Reached XP level 3. HP: 27/28 MP: 3/3
   580 | D:1      | Reached skill level 1 in Armour
  1116 | D:2      | Identified the +0 pair of gloves "Olaala" {Will+}
  1562 | D:3      | Reached XP level 4. HP: 34/34 MP: 4/4
  1699 | D:3      | Noticed Robin
  1702 | D:3      | Reached skill level 1 in Axes
  1708 | D:3      | Killed Robin
  2238 | D:4      | Noticed an ice beast
  2253 | D:4      | Slain by an ice beast

Illustrated notes

Levels and vault maps discovered:
D:1:      dpeg_arrival_arbitrary_b, layout_rooms
D:2:      layout_loops_ring, cheibrodos_gnoll_hut
D:3:      layout_loops_ring, hangedman_abyss_or_decor_stabs, uniq_robin
D:4:      layout_cave_pods, mainiacjoe_overflow_boulevard, serial_forest,
          infiniplex_forest_clump_cross, infiniplex_forest_clump_medium,
          infiniplex_forest_clump_curved, infiniplex_forest_zigzag_1,
          infiniplex_forest_clump_small, infiniplex_forest_corner_1,
          infiniplex_forest_3_way, infiniplex_forest_clump_small,
          infiniplex_forest_straight_5, uniq_duvessa

Skill      XL: |  1  2  3  4 |
---------------+-------------+-----
Dodging        | 1 |  1.4
Armour         | 1 |  1.6
Axes           | 1 |  1.4
Fighting       | |  2.6
Short Blades   | |  1.7
Throwing       | |  1.7
Stealth        | |  3.3

Action                     |  1- 3 |  4- 6 || total
---------------------------+-------+-------++-------
  Melee: Dagger            |   111 |       ||   111
         Hand axe          |    52 |    58 ||   110
         Punch             |     1 |       ||     1
  Throw: Dart              |     4 |       ||     4
    Use: Scroll            |     3 |       ||     3
   Stab: Sleeping          |     2 |       ||     2
 Armour: Robe              |    19 |       ||    19
         Scale mail        |    68 |       ||    68
         Chain mail        |    24 |    44 ||    68
  Dodge: Dodged            |   133 |    19 ||   152

Table legend: (Time is in decaauts)
 A = Elapsed time spent in this place.
 B = Non-inter-level travel time spent in this place.
 C = Inter-level travel time spent in this place.
 D = Time resting spent in this place.
 E = Time spent auto-exploring this place.
 F = Levels seen in this place.
 G = Mean time per level.
                   A        B        C        D        E       F      G
               +--------+--------+--------+--------+--------+-----+--------+
         Total |   2269 |   2215 |     54 |      0 |   1700 |   4 |  567.2 |
       Dungeon |   2269 |   2215 |     54 |      0 |   1700 |   4 |  567.2 |
               +--------+--------+--------+--------+--------+-----+--------+

Top non-repeatable levels by time:
     D:2: 797 daAuts
     D:3: 757 daAuts
     D:1: 696 daAuts
     D:4: 18 daAuts
